 Dungeon Crawl Stone Soup version 0.24-b1-44-g37ad8b309f (webtiles) character file.

Game seed: 13832295217505441591, levelgen mode: deterministic

435 Mrkan the Cudgeler (level 7, -2/44 HPs)
             Began as a Gargoyle Fighter on Oct 24, 2019.
             Slain by a river rat (3 damage)
             ... summoned by Eustachio
             ... on level 4 of the Dungeon.
             The game lasted 00:07:04 (3318 turns).

Mrkan the Cudgeler (Gargoyle Fighter)               Turns: 3318, Time: 00:07:05

Health: -2/44      AC: 13    Str: 21    XL:     7   Next: 0%
Magic:  7/7        EV:  5    Int:  9    God:
Gold:   245        SH:  9    Dex:  9    Spells: 6/6 levels left

rFire    . . .     SeeInvis .   a - +0 flail
rCold    . . .     Gourm    .   c - +0 shield
rNeg     + . .     Faith    .   m - +0 chain mail
rPois    ∞         Spirit   .   (no helmet)
rElec    +         Reflect  .   (no cloak)
rCorr    .         Harm     .   (no gloves)
MR       .....                  (no boots)
Stlth    ..........             (no amulet)
HPRegen  0.14/turn              (no ring)
MPRegen  0.10/turn              (no ring)

@: no status effects
A: negative energy resistance 1, electricity resistance, unbreathing,
petrification resistance, rot immunity, AC +4
a: no special abilities


You were on level 4 of the Dungeon.
You were not hungry.

You visited 1 branch of the dungeon, and saw 4 of its levels.

You collected 245 gold pieces.

Inventory:

Hand Weapons
 a - a +0 flail (weapon)
 d - a +2 dire flail of protection
Missiles
 e - 111 stones (quivered)
 v - 4 poisoned darts
Armour
 b - a +0 pair of boots
 c - a +0 shield (worn)
 m - a +0 chain mail (worn)
 o - a +0 pair of gloves
 t - a +0 cloak
 z - a +0 helmet
 A - a +0 pair of boots
Jewellery
 n - an uncursed ring of wizardry
 p - an uncursed ring of stealth {unknown}
 r - a +3 ring of evasion {unknown}
Wands
 w - a wand of random effects (16)
 C - a wand of flame (12)
Scrolls
 g - a scroll of fog {unknown}
 i - 2 scrolls of identify {unknown}
 j - a scroll of enchant armour {unknown}
 k - 2 scrolls of amnesia {unknown}
 l - a scroll of teleportation {unknown}
 q - a scroll of blinking {unknown}
 x - a scroll of remove curse {unknown}
 y - a scroll of immolation {unknown}
Potions
 h - a potion of flight {unknown}
 s - a potion of curing {unknown}
 u - 2 potions of lignification {unknown}
Comestibles
 f - 7 rations
 B - 2 chunks of flesh


   Skills:
 + Level 5.0 Fighting
 * Level 5.3 Maces & Flails
 - Level 3.2 Armour
 + Level 5.0 Shields


You had 6 spell levels left.
You didn't know any spells.
Your spell library was empty.

Dungeon Overview and Level Annotations

Branches:
Dungeon (4/15)
 Temple: D:4-7

Altars:

Annotations:
D:4 Eustachio


Innate Abilities, Weirdness & Mutations

You are resistant to torment.
Your stone body is resilient. (AC +4)
You are immune to poison.
You resist negative energy. (rN+)
You are resistant to electric shocks. (rElec)
You can survive without breathing.
You are immune to petrification.
You are immune to rotting.


Message History

* * * LOW HITPOINT WARNING * * *
Your shield and chain mail prevent you from hitting the quokka.
The quokka bites you.
* * * LOW HITPOINT WARNING * * *
You block the river rat's attack.
The river rat bites you but does no damage.
The quokka completely misses you.
You thump the quokka!
You kill the quokka!
The quokka's corpse disappears in a puff of smoke!
You block the river rat's attack.
You closely miss the river rat.
The river rat bites you but does no damage.
You block the river rat's attack.
The river rat bites you but does no damage.
You closely miss the river rat. The river rat barely misses you.
The river rat bites you.
* * * LOW HITPOINT WARNING * * *
You closely miss the river rat. The river rat bites you.
You die...

#####.# #.#?# ..
#<#.# .# #[#.# .#
#.#.###### .#
#.#......# .#
#.#......# .#
#####.#......#####.#
......#.....r@Wr@r.#
#####........#######
..÷))............
#####...#####.....
#...# ...... #...#
.....# #...# .....#
#...# .....# #...#


You could see Eustachio, a phantom, 2 river rats and a quokka.

Vanquished Creatures
  Edmund (D:4)
  Crazy Yiuf (D:3)
  Ijyb (D:4)
  A worker ant (D:4)
  8 gnolls
  6 adders
  3 oozes
  A worm (D:2)
  4 dart slugs
  6 leopard geckos
  2 orcs (D:3)
  3 giant cockroaches
  6 goblins
  6 hobgoblins
  11 jackals
  A ball python (D:3)
  9 bats
  4 frilled lizards
  12 kobolds
  2 rats
88 creatures vanquished.

Notes
Turn   | Place    | Note
-------+----------+-------------------------------------------
     0 | D:1      | Mrkan the Gargoyle Fighter began the quest for the Orb.
     0 | D:1      | Reached XP level 1. HP: 14/14 MP: 1/1
   100 | D:1      | Reached XP level 2. HP: 15/19 MP: 2/2
   356 | D:1      | Reached XP level 3. HP: 23/23 MP: 3/3
  1270 | D:2      | Reached XP level 4. HP: 15/29 MP: 4/4
  1993 | D:3      | Reached XP level 5. HP: 32/33 MP: 5/5
  2265 | D:3      | Found a runed translucent door.
  2266 | D:3      | Noticed Crazy Yiuf
  2280 | D:3      | Killed Crazy Yiuf
  2370 | D:3      | Reached XP level 6. HP: 32/39 MP: 6/6
  2991 | D:4      | Noticed Edmund
  3039 | D:4      | Killed Edmund
  3039 | D:4      | Reached skill level 5 in Maces & Flails
  3140 | D:4      | Noticed a phantom
  3144 | D:4      | Noticed Ijyb
  3195 | D:4      | Killed Ijyb
  3234 | D:4      | Reached skill level 5 in Fighting
  3234 | D:4      | Reached skill level 5 in Shields
  3234 | D:4      | Reached XP level 7. HP: 7/44 MP: 7/7
  3276 | D:4      | Noticed Eustachio
  3317 | D:4      | HP: 1/44 [river rat[Eustachio] (5)]
  3318 | D:4      | Slain by a river rat

Skill      XL: |  1  2  3  4  5  6 |
---------------+-------------------+-----
Maces & Flails | 3 4 5 |  5.3
Fighting       | 4 5 |  5.0
Shields        | 4 5 |  5.0
Armour         | |  3.2

Action                   |  1- 3 |  4- 6 |  7- 9 || total
-------------------------+-------+-------+-------++-------
Melee: Flail             |   153 |   306 |    42 ||   501
  Use: Potion            |       |     1 |       ||     1
  Eat: Chunk             |     1 |     6 |       ||     7
       Ration            |       |     1 |       ||     1
Armor: Scale mail        |    37 |       |       ||    37
       Chain mail        |    65 |   192 |    32 ||   289
Dodge: Dodged            |    38 |    66 |     8 ||   112
Block: Shield            |   109 |   175 |    27 ||   311
